 Dungeon Crawl Stone Soup version 0.30-a0-4-ga7cffc901d (webtiles) character file.

Game seed: 9835785214190235021

28 Setbun the Sneak (level 3, 0/20 HPs)
             Began as a Kobold Enchanter on Aug 20, 2022.
             Slain by a gnoll
             ... wielding a +0 halberd
              (9 damage)
             ... on level 2 of the Dungeon.
             The game lasted 00:01:25 (1336 turns).

Setbun the Sneak (Kobold Enchanter)                 Turns: 1336, Time: 00:01:26

Health: 0/20       AC:  4    Str:  5    XL:     3   Next: 30%
Magic:  6/6        EV: 15    Int: 16    God:
Gold:   59         SH:  0    Dex: 17    Spells: 6/6 levels left

rFire   . . .      SeeInvis .    a - +1 dagger
rCold   . . .      Faith    .    f - orb {mayhem}
rNeg    . . .      Spirit   .    b - +0 robe
rPois   .          Reflect  .    i - +0 helmet
rElec   .          Harm     .    d - +0 cloak
rCorr   .          Rampage  .    (no gloves)
Will    .....                    (no boots)
Stlth   ++++......               (no amulet)
HPRegen 0.06/turn                (no ring)
MPRegen 0.10/turn                (no ring)

@: no status effects
A: small, no large weapons, nightstalker 3
a: no special abilities


You were on level 2 of the Dungeon.
You visited 1 branch of the dungeon, and saw 2 of its levels.

You collected 59 gold pieces.

Inventory:

Hand Weapons
 a - a +1 dagger (weapon)
Armour
 b - a +0 robe (worn)
 d - a +0 cloak (worn)
 f - an orb of mayhem (worn)
 i - a +0 helmet (worn)
Jewellery
 l - a ring of fire
Scrolls
 e - a scroll of teleportation {unknown}
 g - a scroll of magic mapping {unknown}
 k - a scroll of brand weapon {unknown}
 n - a scroll of identify {unknown}
Potions
 c - 3 potions of invisibility
 h - 2 potions of haste {unknown}
 j - a potion of lignification {unknown}
 m - a potion of might {unknown}
 o - a potion of heal wounds {unknown}
 p - a potion of brilliance {unknown}
 q - a potion of flight {unknown}


   Skills:
 + Level 0.9 Fighting
 + Level 1.7 Short Blades
 + Level 2.8 Dodging
 * Level 4.7 Stealth
 + Level 2.4 Spellcasting
 + Level 3.1 Hexes


You had 6 spell levels left.
You didn't know any spells.
Your spell library contained the following spells:

 Spells                   Type           Power      Damage    Failure   Level
 Ensorcelled Hibernation  Hex/Ice        14%        N/A       16%         2
 Confusing Touch          Hex            12%        N/A       16%         3
 Tukima's Dance           Hex            12%        N/A       16%         3
 Dazzling Flash           Conj/Hex       14%        N/A       30%         3


Dungeon Overview and Level Annotations

Branches:
Dungeon (2/15)

Altars:
Sif Muna

Shops:
D:2 [

Annotations:
D:2 1 runed translucent door, Crazy Yiuf


Innate Abilities, Weirdness & Mutations

You are small and have problems with some larger weapons.
You are completely attuned to the shadows.


Message History

A gnoll is nearby!
A gnoll comes into view. It is wielding a +1 whip of venom.
A gnoll comes into view. It is wielding a +0 spear.
The gnoll closely misses you. The gnoll closely misses you.
The gnoll shouts!
You hit the gnoll.
The gnoll is lightly wounded.
You hear a shout! x2
You closely miss the gnoll.
The gnoll is lightly wounded.
The gnoll barely misses you. x2
You hit the gnoll.
The gnoll is moderately wounded.
The gnoll completely misses you. The gnoll hits you but does no damage.
You hit the gnoll.
The gnoll is severely wounded.
The gnoll completely misses you.
The gnoll hits you from afar with a +0 spear.
You barely miss the gnoll.
The gnoll is severely wounded.
The gnoll hits you from afar with a +0 spear.
The gnoll barely misses you.
You closely miss the gnoll.
The gnoll is severely wounded.
A kobold comes into view. It is wielding a +0 club.
The gnoll barely misses you. x2
The gnoll hits you from afar with a +0 halberd.
You are too injured to fight recklessly!
You are too injured to fight recklessly!
You are too injured to fight recklessly!
You are too injured to fight recklessly!
You are too injured to fight recklessly!
You are too injured to fight recklessly!
You are too injured to fight recklessly!
You are too injured to fight recklessly!
You are too injured to fight recklessly!
The gnoll attacks as you move away! The gnoll closely misses you.
The gnoll hits you from afar with a +0 halberd!
You die...

#...# #..# #.#
#...## #K.# ..
####+##.# ......
###..#... ......#.#
....## ....g#g..
......#.# .<....
..g...... .......>#
....#. ..#.@####
......#.# ..###
...#.# ####.##.#
..## #..#.# #.##.#
....
#..).##########.##.#
.###
#.#.............##.#
...
...###.###########.#
#### ...
...^...........# #
.. .##......######.#
# .#####..## #.#


You could see 3 gnolls and a kobold.

Vanquished Creatures
  A dart slug (D:1)
  3 bats
  3 endoplasms
  2 giant cockroaches (D:1)
  3 goblins
  A hobgoblin (D:1)
  2 quokkas
  3 ball pythons (D:1)
  3 frilled lizards
  A kobold (D:1)
  A rat (D:1)
  A spectral hobgoblin (D:1)
24 creatures vanquished.

Notes
Turn   | Place    | Note
-------+----------+-------------------------------------------
     0 | D:1      | Setbun the Kobold Enchanter began the quest for the Orb.
     0 | D:1      | Reached XP level 1. HP: 10/10 MP: 3/3
   206 | D:1      | Reached XP level 2. HP: 16/16 MP: 5/5
   462 | D:1      | Found a faded altar of an unknown god.
   819 | D:1      | Reached XP level 3. HP: 20/20 MP: 6/6
  1029 | D:2      | Found a runed translucent door.
  1032 | D:2      | Noticed Crazy Yiuf
  1051 | D:2      | Found Kiwi's Armour Boutique.
  1131 | D:2      | Found a shimmering blue altar of Sif Muna.
  1336 | D:2      | Slain by a gnoll

Illustrated notes

Levels and vault maps discovered:
D:1:      saegor_arrival_simple_d, layout_rooms,
          dreamdust_ecumenical_altar_drowned_temple, serial_corexii_hall,
          corexii_hall_statues_i, corexii_hall_statues_s, minmay_pentomino_s2
D:2:      layout_basic, basic_altar, serial_shops, shop, uniq_crazy_yiuf_cottage

Action                   || total
-------------------------++-------
Melee: Dagger            ||    78
 Stab: Sleeping          ||    14
Armor: Robe              ||     8
Dodge: Dodged            ||    54

Table legend: (Time is in decaauts)
 A = Elapsed time spent in this place.
 B = Non-inter-level travel time spent in this place.
 C = Inter-level travel time spent in this place.
 D = Time resting spent in this place.
 E = Time spent auto-exploring this place.
 F = Levels seen in this place.
 G = Mean time per level.
                   A        B        C        D        E       F      G
               +--------+--------+--------+--------+--------+-----+--------+
         Total |   1338 |   1300 |     38 |    100 |    975 |   2 |  669.0 |
       Dungeon |   1338 |   1300 |     38 |    100 |    975 |   2 |  669.0 |
               +--------+--------+--------+--------+--------+-----+--------+

Top non-repeatable levels by time:
     D:1: 992 daAuts
     D:2: 346 daAuts
